 Dungeon Crawl Stone Soup version 0.28-a0-224-g76b539d98b (webtiles) character file.

Game seed: 7983614256082991465

2808 timneilson the Protected (level 9, -1/55 HPs)
             Began as a Gargoyle Fighter on Aug 21, 2021.
             Slain by a wolf (4 damage)
             ... led by Grum
             ... on level 8 of the Dungeon.
             The game lasted 00:12:47 (8854 turns).

timneilson the Protected (Gargoyle Fighter)         Turns: 8854, Time: 00:12:49

Health: -1/55      AC: 18    Str: 29    XL:     9   Next: 72%
Magic:  9/9        EV:  7    Int:  9    God:
Gold:   1339       SH: 10    Dex:  9    Spells: 8/8 levels left

rFire   . . .      SeeInvis .   u - +1 demon blade (venom)
rCold   . . .      Faith    .   c - +1 kite shield
rNeg    + . .      Spirit   .   l - +0 chain mail
rPois   ∞          Reflect  .   d - +0 helmet
rElec   +          Harm     .   (no cloak)
rCorr   .          Rampage  .   (no gloves)
Will    .....                   (no boots)
Stlth   ..........              (no amulet)
HPRegen 0.18/turn               o - +6 ring of strength
MPRegen 0.11/turn               (no ring)

@: no status effects
A: sickness immunity, AC +6, negative energy resistance 1, electricity
resistance, torment resistance 1, petrification resistance
a: no special abilities


You were on level 8 of the Dungeon.
You visited 2 branches of the dungeon, and saw 9 of its levels.

You collected 1339 gold pieces.

Inventory:

Hand Weapons
 a - a +0 vorpal long sword
 u - a +1 demon blade of venom (weapon)
Armour
 c - a +1 kite shield (worn)
 d - a +0 helmet (worn)
 l - a +0 chain mail (worn)
 v - a +0 plate armour
Jewellery
 o - a +6 ring of strength (left hand)
Wands
 e - a wand of flame (59)
 h - a wand of iceblast (5)
 q - a wand of acid (5)
 s - a wand of digging (7)
Scrolls
 j - a scroll of identify
 p - a scroll of enchant armour
 w - a scroll of enchant weapon
Potions
 b - a potion of lignification
 f - a potion of brilliance
 g - 2 potions of cancellation
 i - a potion of curing
 k - a potion of resistance
 m - 2 potions of mutation
 n - 2 potions of attraction
Miscellaneous
 r - a condenser vane


   Skills:
 + Level 6.0 Fighting
 * Level 6.2 Long Blades
 * Level 8.0 Armour
 * Level 7.9 Shields
 + Level 3.6 Evocations


You had 8 spell levels left.
You didn't know any spells.
Your spell library contained the following spells:

 Spells                   Type           Power      Damage    Failure   Level
 Magic Dart               Conj           0%         1d3       99%         1
 Searing Ray              Conj           0%         3d3       100%        2
 Fulminant Prism          Conj/Hex       0%         3d6       100%        4
 Petrify                  Tmut/Erth      0%         N/A       100%        4
 Iskenderun's Battlesphe  Conj           0%         2d6       100%        5
 Metabolic Englaciation   Hex/Ice        0%         N/A       100%        5
 Iron Shot                Conj/Erth      0%         9d1       100%        6
 Spellforged Servitor     Conj/Summ      0%         N/A       100%        7
 Statue Form              Tmut/Erth      Unusable   N/A       N/A         6

Dungeon Overview and Level Annotations

Branches:
Dungeon (8/15)             Temple (1/1) D:6
   Lair: D:8-11

Altars:
Ashenzari
Cheibriados
Dithmenos
Elyvilon
Gozag
Hepliaklqana
Kikubaaqudgha
Makhleb
Nemelex Xobeh
Qazlal
Ru
Sif Muna
Trog
Uskayaw
Vehumet
Wu Jian
Xom
Yredelemnul
The Shining One

Annotations:
D:8 Grum


Innate Abilities, Weirdness & Mutations

You are immune to sickness and miasma.
Your stone body is resilient. (AC +6)
You are immune to poison.
You resist negative energy. (rN+)
You are resistant to electric shocks. (rElec)
You are resistant to unholy torment.
You are immune to petrification.


Message History

The wolf bites you.
* * * LOW HITPOINT WARNING * * *
The wolf bites you but does no damage. The wolf bites you.
* * * LOW HITPOINT WARNING * * *
There is an open door here.
You feel better. The wolf bites you.
* * * LOW HITPOINT WARNING * * *
The wolf bites you but does no damage.
You slash the wolf!
You kill the wolf!
You block the wolf's attack.
Your Armour skill increases to level 8!
The orc priest looks satisfied for a moment.
You block the wolf's attack. The wolf bites you but does no damage.
You block the wolf's attack. You block the wolf's attack.
You block the wolf's attack. The wolf bites you but does no damage.
The wolf bites you but does no damage. The wolf bites you but does no damage.
The wolf bites you but does no damage. You block the wolf's attack.
The wolf bites you.
* * * LOW HITPOINT WARNING * * *
The wolf bites you but does no damage. You block the wolf's attack.
The wolf bites you.
* * * LOW HITPOINT WARNING * * *
The wolf bites you but does no damage. You block the wolf's attack.
The wolf bites you but does no damage. The wolf bites you but does no damage.
You block the wolf's attack. The wolf bites you but does no damage.
The wolf bites you!
* * * LOW HITPOINT WARNING * * *
The wolf bites you.
You die...

############### ##########
#.o..g..o.....# #.......>#
#.###########.# #.######.#
#.# #.# #.# #.# #g# #.# #.#
#.# #g# #####g# #.######.#
#.#######...#.#..
#.##...#.###h##..(..........
#.##.#<#...@.##........#....
#.##.##########......g.#....
#.##.#.......†'..o.....#....
#.##.#.########........#.##.
#.##.#.# #........#.##.
#.##.#h# ####.#...#....
#.##.#g# #.#...####.
#....#.# #.#...####.
######g######## #>.........


You could see a wolf, an orc priest and 2 gnolls.

Vanquished Creatures
  A hornet (D:8)
  A wyvern (D:7)
  A water moccasin (D:6)
  An ice beast (D:6)
  2 black bears
  A sky beast (D:5)
  A necrophage (D:6)
  An ogre (D:6)
  2 wolves
  3 centaurs
  A kobold brigand (D:5)
  A bullfrog (D:6)
  4 scorpions
  2 water moccasin skeletons
  3 centaur zombies
  4 hounds
  A centaur skeleton (D:4)
  A gnoll shaman (D:5)
  A jelly (D:5)
  2 bullfrog skeletons
  2 orc priests (D:6)
  2 iguanas (D:5)
  5 orc wizards
  Ijyb (D:3)
  3 killer bee zombies
  A hound zombie (D:5)
  4 gnolls
  9 adders
  A shadow imp (D:5)
  2 white imps
  An ufetubus (D:6)
  An adder skeleton (D:4)
  5 worms
  5 dart slugs
  11 orcs
  5 endoplasms
  3 giant cockroaches
  9 goblins
  9 hobgoblins
  A quokka (D:2)
  3 ball pythons
  3 bats
  2 frilled lizards
  4 kobolds
  6 rats
132 creatures vanquished.

Vanquished Creatures (others)
  A fungus (D:1)
1 creature vanquished.

Grand Total: 133 creatures vanquished

Notes
Turn   | Place    | Note
-------+----------+-------------------------------------------
     0 | D:1      | timneilson the Gargoyle Fighter began the quest for the
                  | Orb.
     0 | D:1      | Reached XP level 1. HP: 14/14 MP: 1/1
   314 | D:1      | Reached XP level 2. HP: 19/19 MP: 2/2
   505 | D:1      | Found a faded altar of an unknown god.
   910 | D:2      | Reached XP level 3. HP: 23/23 MP: 3/3
  1959 | D:3      | Reached skill level 4 in Armour
  1959 | D:3      | Reached XP level 4. HP: 19/29 MP: 4/4
  2122 | D:3      | Found an ancient bone altar of Kikubaaqudgha.
  2317 | D:3      | Noticed Ijyb
  2371 | D:3      | Killed Ijyb
  2679 | D:3      | Found an ornate altar of the Wu Jian Council.
  2694 | D:3      | Found a basalt altar of Yredelemnul.
  2716 | D:3      | Reached XP level 5. HP: 14/33 MP: 5/5
  3028 | D:3      | Identified a scroll of acquirement
  3028 | D:3      | Acquired 864 gold pieces
  3095 | D:4      | Found a sacrificial altar of Ru.
  3376 | D:4      | Noticed a black bear
  3387 | D:4      | Killed a black bear
  3388 | D:4      | Reached XP level 6. HP: 32/38 MP: 6/6
  3496 | D:4      | Reached skill level 1 in Evocations
  3799 | D:4      | Found a radiant altar of Vehumet.
  4116 | D:5      | Entered Level 5 of the Dungeon
  4184 | D:5      | Reached skill level 5 in Armour
  4184 | D:5      | Reached skill level 5 in Shields
  4526 | D:5      | Reached XP level 7. HP: 42/43 MP: 7/7
  4603 | D:5      | Found a white marble altar of Elyvilon.
  4612 | D:5      | Found a shadowy altar of Dithmenos.
  5236 | D:5      | Reached XP level 8. HP: 29/48 MP: 8/8
  5259 | D:5      | Reached skill level 6 in Armour
  5528 | D:5      | Reached skill level 5 in Fighting
  6017 | D:6      | Reached skill level 5 in Long Blades
  6290 | D:6      | Found a staircase to the Ecumenical Temple.
  6310 | Temple   | Entered the Ecumenical Temple
  6724 | D:6      | Reached skill level 7 in Armour
  6724 | D:6      | Reached XP level 9. HP: 54/54 MP: 9/9
  6941 | D:6      | Found a snail-covered altar of Cheibriados.
  7635 | D:7      | Found an opulent altar of Gozag.
  7666 | D:7      | Acquired a +0 demon blade of venom
  8274 | D:8      | Found a bloodstained altar of Trog.
  8274 | D:8      | Noticed Grum
  8702 | D:8      | Noticed a hornet
  8707 | D:8      | Killed a hornet
  8823 | D:8      | Reached skill level 8 in Armour
  8854 | D:8      | Slain by a wolf

Illustrated notes

Levels and vault maps discovered:
D:1:      evilmike_arrival_crescent, layout_rooms,
          shapermc_ecumenical_altar_mp_urbaneastern, minmay_misc_feat_plants
D:2:      layout_basic, chequers_serial_rivers_large_b, st_stairs_1
D:3:      layout_rooms, mainiacjoe_overflow_paths, jmf_multi_god_temple,
          uniq_ijyb
D:4:      layout_gridville, vehumet_altar_wand_db, nicolae_ru_awakened_eye
D:5:      kennysheep_windowed_halls, layout_cave_pods,
          mainiacjoe_overflow_large_starburst
D:6:      layout_loops_ring, slow_altar_2, minmay_temple_entry_trees
D:7:      layout_basic, mainiacjoe_overflow_chevrons
D:8:      layout_basic, mainiacjoe_overflow_small_starburst, uniq_grum
Temple:   compressed_dpeg_triangle_lava_temple

Skill      XL: |  1  2  3  4  5  6  7  8  9 |
---------------+----------------------------+-----
Long Blades    | 2 3 4 5 6 |  6.2
Armour         | 4 5 7 8 |  8.0
Shields        | 4 5 7 |  7.9
Fighting       | 4 5 6 |  6.0
Evocations     | 1 2 3 |  3.6

Action                   |  1- 3 |  4- 6 |  7- 9 || total
-------------------------+-------+-------+-------++-------
Melee: Long sword        |   102 |   206 |   341 ||   649
       Demon blade       |       |       |    56 ||    56
  Use: Scroll            |     2 |     8 |     7 ||    17
       Potion            |       |     2 |     3 ||     5
Armor: Scale mail        |    75 |       |       ||    75
       Chain mail        |       |   153 |   339 ||   492
       Skin              |       |       |    27 ||    27
Dodge: Dodged            |    39 |    44 |   125 ||   208
Block: Kite shield       |    53 |   104 |   254 ||   411
       Rpst.: Long sword |    13 |    13 |    16 ||    42
       Demon blade       |       |       |     7 ||     7

Table legend: (Time is in decaauts)
 A = Elapsed time spent in this place.
 B = Non-inter-level travel time spent in this place.
 C = Inter-level travel time spent in this place.
 D = Time resting spent in this place.
 E = Time spent auto-exploring this place.
 F = Levels seen in this place.
 G = Mean time per level.
                   A        B        C        D        E       F      G
               +--------+--------+--------+--------+--------+-----+--------+
         Total |   9160 |   8819 |    341 |    932 |   5904 |   9 | 1017.8 |
       Dungeon |   8861 |   8536 |    325 |    932 |   5629 |   8 | 1107.6 |
        Temple |    298 |    282 |     16 |      0 |    275 |   1 |  298.0 |
               +--------+--------+--------+--------+--------+-----+--------+

Top non-repeatable levels by time:
     D:5: 1772 daAuts
     D:4: 1260 daAuts
     D:2: 1243 daAuts
     D:6: 1206 daAuts
     D:7: 1203 daAuts
     D:3: 1177 daAuts
     D:1: 782 daAuts
  Temple: 298 daAuts
     D:8: 215 daAuts
